 Dungeon Crawl Stone Soup version 0.23.2-33-g5129a83184 (webtiles) character file.

Game seed: 11204617220550485862

1199 Acheron the Covered (level 8, -10/66 HPs)
             Began as a Minotaur Wanderer on July 12, 2019.
             Mangled by a hornet (12 damage)
             ... on level 8 of the Dungeon.
             The game lasted 00:26:05 (5555 turns).

Acheron the Covered (Minotaur Wanderer)             Turns: 5555, Time: 00:26:05

Health: -10/66     AC:  8    Str: 18    XL:     8   Next: 20%
Magic:  10/10      EV:  9    Int: 10    God:
Gold:   240        SH:  3    Dex: 10    Spells: 10/11 levels left

rFire    . . .     SeeInvis .   h - +1 hand axe
rCold    . . .     Gourm    .   w - +0 buckler
rNeg     . . .     Faith    .   s - +0 scale mail
rPois    .         Spirit   .   (helmet restricted)
rElec    .         Reflect  .   (no cloak)
rCorr    .         Harm     .   (no gloves)
MR       .....                  c - +0 pair of boots
Stlth    ..........             (no amulet)
HPRegen  0.21/turn              (no ring)
MPRegen  0.12/turn              (no ring)

@: slowed, heavily drained, very slow
A: retaliatory headbutt, horns 2
a: no special abilities


You were on level 8 of the Dungeon.
You were not hungry.

You visited 1 branch of the dungeon, and saw 8 of its levels.

You collected 240 gold pieces.

Inventory:

Hand Weapons
 a - a +0 club
 h - a +1 hand axe (weapon)
 m - a +0 hunting sling
 o - a +0 morningstar
 y - a +0 dagger of draining
Missiles
 e - 119 stones
 j - 17 sling bullets
 k - 5 javelins (quivered)
Armour
 c - a +0 pair of boots (worn)
 s - a +0 scale mail (worn)
 w - a +0 buckler (worn)
Wands
 u - a wand of paralysis (5)
Scrolls
 f - a scroll of identify
 i - 5 scrolls of remove curse
 n - a scroll of amnesia
 v - a scroll of enchant weapon
Potions
 b - a potion of mutation
 g - a potion of magic
 p - a potion of agility
 r - a potion of brilliance
 t - 2 potions of flight
Comestibles
 d - 7 rations
 x - 14 chunks of flesh


   Skills:
 * Level 3.9(2.3) Fighting
 + Level 3.7(2.3) Axes
 + Level 1.4(1.2) Maces & Flails
 * Level 2.1(0.6) Throwing
 * Level 5.4(3.7) Armour
 * Level 2.8(1.2) Dodging
 * Level 2.7(1.2) Stealth
 * Level 1.8(0.3) Shields
 * Level 2.3(0.7) Spellcasting
 * Level 1.7(0.2) Conjurations
   Level 1.2(0.0) Hexes
 * Level 2.6(1.1) Poison Magic
 * Level 1.0(0.0) Evocations


You had 10 spell levels left.
You knew the following spells:

 Your Spells              Type           Power        Failure   Level  Hunger
a - Sting                 Conj/Pois      #...         80%         1    ##.....

Your spell library contained the following spells:

 Spells                   Type           Power        Failure   Level  Hunger
 Poisonous Vapours        Pois/Air       #.....       91%         2    ###....
 Mephitic Cloud           Conj/Pois/Air  #.......     99%         3    ####...
 Olgreb's Toxic Radiance  Pois           #.......     100%        4    #####..
 Venom Bolt               Conj/Pois      #.........   100%        5    ######.


Dungeon Overview and Level Annotations

Branches:
Dungeon (8/15)               Lair (0/6) D:8
 Temple: D:4-7

Altars:
Wu Jian

Annotations:
D:4 exclusion: downstairs
D:5 exclusion: downstairs
D:6 Eustachio, Sigmund


Innate Abilities, Weirdness & Mutations

You reflexively headbutt those who attack you in melee.
You have a pair of horns on your head.


Message History

You are poisoned.
You feel as though you will be slow longer.
The hornet closely misses you.
You hit the hornet.
The hornet is almost dead.
You feel sick. The hornet stings you!
* * * LOW HITPOINT WARNING * * *
You feel as though you will be slow longer.
The hornet stings you!
* * * LOW HITPOINT WARNING * * *
You feel as though you will be slow longer.
The hornet barely misses you.
You feel better. The hornet stings you!
* * * LOW HITPOINT WARNING * * *
You feel as though you will be slow longer.
The hornet stings you but does no damage.
As you read the scroll labeled DIYNKIGINE, it crumbles to dust.
You feel aware of your surroundings.
It was a scroll of magic mapping.
The hornet stings you!
You die...

**,,** **,,, *##,.#*
**,, *#..,,.#* **,
*#..#**..* ** *##..#*
**.## * ######..#**
*..# .......#* *#.#
###...## #####y##
......# ###.#.#@.####
#####.####..#.#......#
#(.##.#..#..#.##.# *
#..(.#.#...#.#..,# **
#..#..#..#..#..#.# *,
* #.#.#...#.#...#.##
**, **
#..#..#).#..#..#.# *,,
,** #....#(#...#.#...#
**,* ,,*
##.#..#))#..#..#.*
**,**


You could see a hornet.

Vanquished Creatures
  A hippogriff (D:7)
  2 ogres
  A phantom (D:5)
  A centaur (D:5)
  A water moccasin skeleton (D:4)
  A scorpion (D:4)
  3 crimson imps
  2 orc wizards (D:7)
  A bullfrog skeleton (D:4)
  2 orc priests
  Natasha (D:2)
  An iguana (D:7)
  4 worker ants
  A mummy (D:5)
  7 adders
  An ooze (D:1)
  An adder skeleton (D:7)
  3 worms
  2 dart slugs (D:1)
  2 leopard geckos
  12 orcs
  5 bats
  6 giant cockroaches
  10 goblins
  11 hobgoblins
  6 jackals
  2 quokkas
  3 ball pythons
  5 frilled lizards
  11 kobolds
  A kobold zombie (D:5)
  7 rats
117 creatures vanquished.

Notes
Turn   | Place    | Note
-------+----------+-------------------------------------------
     0 | D:1      | Acheron the Minotaur Wanderer began the quest for the Orb.
     0 | D:1      | Acheron set off with the following items: a +0 club, a +0
                  | ring mail, a ration; and the following spell memorised:
                  | Sting; and the following spells available to memorise:
                  | Poisonous Vapours, Mephitic Cloud, Olgreb's Toxic Radiance,
                  | Venom Bolt
     0 | D:1      | Reached XP level 1. HP: 16/16 MP: 1/1
   292 | D:2      | Reached XP level 2. HP: 23/23 MP: 2/2
   293 | D:2      | Noticed Natasha
   594 | D:1      | Reached skill level 3 in Armour
   633 | D:1      | Reached XP level 3. HP: 22/29 MP: 3/3
  1094 | D:2      | Reached skill level 1 in Dodging
  1595 | D:3      | Reached XP level 4. HP: 18/36 MP: 4/4
  1614 | D:3      | Reached skill level 1 in Maces & Flails
  2605 | D:2      | Noticed an ogre
  2614 | D:2      | Killed an ogre
  2614 | D:2      | Reached skill level 1 in Axes
  2614 | D:2      | Reached XP level 5. HP: 12/42 MP: 6/6
  3012 | D:2      | Reached skill level 4 in Armour
  3107 | D:2      | Killed Natasha
  3228 | D:4      | Reached XP level 6. HP: 47/50 MP: 7/7
  3305 | D:5      | Entered Level 5 of the Dungeon
  3305 | D:5      | Noticed an orc warrior
  3327 | D:4      | Found an ornate altar of the Wu Jian Council.
  3564 | D:5      | Reached skill level 1 in Throwing
  3597 | D:6      | Noticed Sigmund
  3726 | D:4      | Reached skill level 1 in Conjurations
  3838 | D:5      | Reached XP level 7. HP: 16/57 MP: 7/9
  4680 | D:5      | Reached skill level 5 in Armour
  4909 | D:6      | Noticed Eustachio
  4932 | D:7      | Noticed a hippogriff
  4960 | D:7      | Killed a hippogriff
  4960 | D:7      | Reached skill level 1 in Evocations
  4960 | D:7      | Reached XP level 8. HP: 10/66 MP: 10/10
  5536 | D:8      | Noticed a hornet
  5538 | D:8      | Paralysed by a hornet for 2 turns
  5553 | D:8      | HP: 1/66 [hornet (7)]
  5555 | D:8      | Mangled by a hornet

Skill      XL: |  1  2  3  4  5  6  7 |
---------------+----------------------+-----
Armour         | 3 4 5 |  5.4
Dodging        | 1 2 |  2.8
Fighting       | 2 3 |  3.9
Maces & Flails | 1 |  1.4
Axes           | 1 2 3 |  3.7
Poison Magic   | 2 |  2.6
Stealth        | 2 |  2.7
Throwing       | 1 2 |  2.1
Conjurations   | 1 |  1.7
Spellcasting   | 2 |  2.3
Evocations     | 1 |  1.0
Shields        | |  1.8
Hexes          | |  1.2

Action                   |  1- 3 |  4- 6 |  7- 9 || total
-------------------------+-------+-------+-------++-------
Melee: Club              |   120 |    21 |       ||   141
       Headbutt          |    14 |    21 |    23 ||    58
       Hand axe          |       |   127 |   163 ||   290
Throw: Javelin           |       |     2 |     7 ||     9
Evoke: Wand              |       |       |     3 ||     3
  Use: Scroll            |     5 |     9 |     2 ||    16
       Potion            |       |       |     9 ||     9
  Eat: Chunk             |     2 |     7 |     1 ||    10
       Ration            |       |       |     2 ||     2
Armor: Ring mail         |    77 |     5 |       ||    82
       Scale mail        |       |    68 |    87 ||   155
Dodge: Dodged            |   112 |    88 |   109 ||   309
Block: Buckler           |       |       |    11 ||    11
